 Dungeon Crawl Stone Soup version 0.20.1-1-g8b1a95d (webtiles) character file.

25 raph the Chiller (level 2, -3/20 HPs)
             Began as a Draconian Ice Elementalist on Sept 26, 2017.
             Slain by a worm (12 damage)
             ... on level 2 of the Dungeon.
             The game lasted 00:01:13 (500 turns).

raph the Chiller (Draconian Ice Elementalist)        Turns: 500, Time: 00:01:13

Health: -3/20      AC:  4    Str: 10    XL:     2   Next: 86%
Magic:  1/5        EV: 12    Int: 15    God:
Gold:   37         SH:  5    Dex: 11    Spells: 2/5 levels left

rFire    . . .     SeeInvis .   d - -3 dagger (curse)
rCold    . . .     Gourm    .   (no shield)
rNeg     . . .     Faith    .   (armour unavailable)
rPois    .         Spirit   .   (helmet restricted)
rElec    .         Reflect  +   (no cloak)
rCorr    .         Harm     .   (no gloves)
MR       .....                  (no boots)
Stlth    ++........             e - +5 amulet of reflection
Regen    0.1/turn               (no ring)
MPRegen  0.1/turn               (no ring)

@: very slightly contaminated
A: unfitting armour, cold-blooded, AC +4
a: no special abilities


You were on level 2 of the Dungeon.
You were not hungry.

You visited 1 branch of the dungeon, and saw 2 of its levels.

You collected 37 gold pieces.

Inventory:

Hand Weapons
 d - a cursed -3 dagger (weapon)
Jewellery
 e - a +5 amulet of reflection (around neck)
Scrolls
 c - a scroll of identify {unknown}
 h - a scroll of fog {unknown}
 i - a scroll of remove curse {unknown}
Potions
 g - a potion of curing {unknown}
 j - a potion of might {unknown}
Books
 a - a book of Frost

   Spells                             Type                      Level
   a - Freeze                         Ice                          1
   b - Throw Frost                    Conjuration/Ice              2
   c - Ozocubu's Armour               Charms/Ice                   3
   d - Throw Icicle                   Conjuration/Ice              4
   e - Summon Ice Beast               Ice/Summoning                4
Comestibles
 b - 2 bread rations
 f - a royal jelly


   Skills:
 + Level 2.0 Dodging
 + Level 1.9 Stealth
 + Level 2.2 Spellcasting
 - Level 1.0 Conjurations
 * Level 3.7 Ice Magic


You had 2 spell levels left.
You knew the following spells:

 Your Spells              Type           Power        Failure   Level  Hunger
a - Freeze                Ice            ##..         4%          1    #......
b - Throw Frost           Conj/Ice       #.....       12%         2    ###....


Dungeon Overview and Level Annotations

Branches:
Dungeon (1/15)

Altars:

Annotations:
D:2 Jessica


Innate Abilities, Weirdness & Mutations

Your plain brown scales are hard. (AC +4)
You cannot fit into any form of body armour.
You are cold-blooded and may be slowed by cold attacks.


Message History

Confirm with . or Enter, or press ? or * to list all spells.
Aiming: Freeze
Press: ? - help, Shift-Dir - straight line, f/p - worm
Aim: a worm (heavily wounded)
You freeze the worm.
The worm is severely wounded.
Casting: Freeze
Confirm with . or Enter, or press ? or * to list all spells.
Aiming: Freeze
Press: ? - help, Shift-Dir - straight line, f/p - worm
Aim: a worm (heavily wounded)
You freeze the worm.
The worm is almost dead.
You block the worm's attack.
Jessica the Apprentice Sorceress comes into view.
Jessica shouts!
Jessica shouts, "Stop bothering me, or I'll kill you!"
The worm bites you!
Ouch! That really hurt!
You die...

...#####.. .#
.......... ###.#.
.........# .#...#
.#.......##.(>...
............#...
#........#.....#
#..........#
#.#.#####.##########
#.w@......@. ##
#.##########
#...###.# #.......#
#...###.# .. #.# #.#
#.# #.#


You could see a worm and Jessica.

Vanquished Creatures
  A gnoll (D:1)
  A dart slug (D:1)
  A leopard gecko (D:1)
  A giant cockroach (D:1)
  3 goblins (D:1)
  A hobgoblin (D:1)
  2 kobolds (D:1)
  A bat (D:1)
  2 rats (D:1)
13 creatures vanquished.

Notes
Turn   | Place    | Note
-------+----------+-------------------------------------------
     0 | D:1      | raph the Draconian Ice Elementalist began the quest for the Orb.
     0 | D:1      | Reached XP level 1. HP: 14/14 MP: 3/3
   197 | D:1      | Reached XP level 2. HP: 20/20 MP: 1/5
   405 | D:1      | Learned a level 2 spell: Throw Frost
   468 | D:1      | You fall through a shaft!
   499 | D:2      | Noticed Jessica
   500 | D:2      | Slain by a worm

Skill      XL: |  1  2 |
---------------+-------+-----
Dodging        | 2 |  2.0
Stealth        | |  1.9
Spellcasting   | |  2.2
Conjurations   | |  1.0
Ice Magic      | |  3.7

Action                   || total
-------------------------++-------
Melee: Dagger            ||    18
       Tailslap          ||     5
       Unarmed           ||     1
 Cast: Freeze            ||    16
 Stab: Sleeping          ||     2
Armor: Skin              ||     5
Dodge: Dodged            ||    13
Block: Other             ||     5
       Reflection        ||     2
